 Dungeon Crawl Stone Soup version 0.29-a0-757-g358383bc75 (webtiles) character file.

Game seed: 17408743633478679892

88 ReploidZero the Ruffian (level 4, -4/44 HPs)
             Began as an Ogre Transmuter on June 30, 2022.
             Killed from afar by Ijyb (23 damage)
             ... with a bolt of dispelling energy
             ... on level 3 of the Dungeon.
             The game lasted 00:05:17 (3133 turns).

ReploidZero the Ruffian (Ogre Transmuter)           Turns: 3133, Time: 00:05:23

Health: -4/44      AC:  3    Str: 14    XL:     4   Next: 53%
Magic:  7/8        EV:  9    Int: 16    God:
Gold:   107        SH:  0    Dex:  9    Spells: 3/9 levels left

rFire   . . .      SeeInvis .     - Unarmed
rCold   . . .      Faith    .   (no shield)
rNeg    + . .      Spirit   .   a - +0 robe
rPois   .          Reflect  .   (helmet currently unavailable)
rElec   .          Harm     .   (no cloak)
rCorr   .          Rampage  .   (gloves unavailable)
Will    .....                   (boots unavailable)
Stlth   +.........              (no amulet)
HPRegen 0.14/turn               l - ring of positive energy
MPRegen 0.11/turn               (no ring)

@: appendages (expiring)
A: horns 2, talons 2, large, unfitting armour, tough skin 1
a: End Transformation


You were on level 3 of the Dungeon.
You had temporarily grown beastly horns and talons.
You visited 1 branch of the dungeon, and saw 3 of its levels.

You collected 107 gold pieces.

Inventory:

Armour
 a - a +0 robe (worn)
Magical Staves
 p - a staff of fire
 q - a staff of earth
Jewellery
 d - a ring of fire
 l - a ring of positive energy (left hand)
 m - a ring of fire
Scrolls
 f - 3 scrolls of identify {unknown}
 g - 2 scrolls of torment {unknown}
 h - a scroll of fog {unknown}
 i - 3 scrolls of magic mapping {unknown}
 k - 3 scrolls of teleportation {unknown}
Potions
 b - a potion of lignification
 c - a potion of magic {unknown}
 e - a potion of curing {unknown}
 j - 3 potions of haste {unknown}
 n - a potion of invisibility {unknown}
 o - a potion of degeneration {unknown}


   Skills:
 + Level 2.8 Fighting
 - Level 1.7 Dodging
 + Level 3.2 Unarmed Combat
 + Level 3.2 Spellcasting
 + Level 2.4 Transmutations
 + Level 0.9 Poison Magic


You had 3 spell levels left.
You knew the following spells:

 Your Spells              Type           Power      Damage    Failure   Level
a - Beastly Appendage     Tmut           20%        N/A       7%          1
b - Wereblood             Tmut           10%        N/A       10%         2
c - Spider Form           Tmut/Pois      8%         N/A       26%         3

Your spell library contained the following spells:

 Spells                   Type           Power      Damage    Failure   Level
 Ice Form                 Ice/Tmut       6%         N/A       73%         4
 Leda's Liquefaction      Hex/Erth       1%         N/A       88%         4
 Lee's Rapid Deconstruct  Erth           1%         3d5*      99%         5
 Statue Form              Tmut/Erth      4%         N/A       100%        6


Dungeon Overview and Level Annotations

Branches:
Dungeon (3/15)

Altars:
Xom

Annotations:
D:3 Ijyb


Innate Abilities, Weirdness & Mutations

You have temporarily grown beastly horns and talons.
You are too large for most types of armour.
You have tough skin. (AC +1)


Message History

Found a mace.
A hobgoblin comes into view.
A hobgoblin is nearby!
A hobgoblin is nearby!
A hobgoblin is nearby!
The hobgoblin shouts!
Ijyb the Twisted Goblin comes into view.
She is wielding a +0 dagger and carrying a wand of quicksilver (5).
Ijyb shouts!
You hit the hobgoblin.
You kill the hobgoblin!
You hit Ijyb.
Ijyb is lightly wounded.
Ijyb hits you with a +0 dagger.
You hit Ijyb but do no damage.
Ijyb is lightly wounded.
Ijyb zaps a wand.
The bolt of dispelling energy hits you!
You closely miss Ijyb.
Ijyb is lightly wounded.
Ijyb hits you but does no damage.
You closely miss Ijyb.
Ijyb is lightly wounded.
Ijyb hits you with a +0 dagger.
Unknown command.
Unknown command.
Attack: -) Nothing wielded
Press: ? - help, Dir - move target, f - Ijyb
Aim: Ijyb, wielding a +0 dagger, wearing a +0 leather armour and carrying a wand of quicksilver (4) (lightly wounded, about 53% to evade your hands)
Okay, then.
Unknown command.
Casting: Beastly Appendage (safe; 7% risk of failure)
Press: ? - help, Q - select action, (/) - cycle Dir - look around, f - activate You grow a pair of large bovine horns.
Your feet morph into talons.
Ijyb hits you with a +0 dagger.
You hit Ijyb but do no damage. Your kick misses Ijyb.
Ijyb is lightly wounded.
Ijyb zaps a wand.
The bolt of dispelling energy hits you!!
Your magical effects are unravelling.
Ouch! That really hurt!
You die...

. ##.< ... .# # .#
##################..#
................@g)#
#.........##########
..........#
..........#
..........#
#.........#
#.........#
#.........#
######.####


You could see Ijyb.

Vanquished Creatures
  Terence (D:2)
  An adder (D:2)
  2 dart slugs (D:1)
  An orc (D:3)
  A ball python (D:2)
  4 bats
  3 endoplasms (D:2)
  2 giant cockroaches (D:2)
  4 goblins
  7 hobgoblins
  4 jackals (D:1)
  3 quokkas
  4 frilled lizards
  2 kobolds
  4 rats (D:1)
43 creatures vanquished.

Notes
Turn   | Place    | Note
-------+----------+-------------------------------------------
     0 | D:1      | ReploidZero the Ogre Transmuter began the quest for the
                  | Orb.
     0 | D:1      | Reached XP level 1. HP: 19/19 MP: 3/3
   141 | D:1      | Reached XP level 2. HP: 19/28 MP: 3/5
   565 | D:1      | Found a faded altar of an unknown god.
  1290 | D:2      | Reached XP level 3. HP: 33/35 MP: 7/7
  1293 | D:2      | Learned a level 2 spell: Wereblood
  1297 | D:2      | Learned a level 3 spell: Spider Form
  1514 | D:2      | Found a shimmering altar of Xom.
  1803 | D:2      | Noticed Terence
  1811 | D:2      | Killed Terence
  1812 | D:2      | Reached XP level 4. HP: 16/44 MP: 6/8
  3125 | D:3      | Noticed Ijyb
  3133 | D:3      | Killed from afar by Ijyb

Illustrated notes

Levels and vault maps discovered:
D:1:      dpeg_arrival_round_a, layout_rooms, chequers_ecumenical_altar_simple
D:2:      minmay_razor_zed, layout_basic, basic_altar, serial_glass,
          glass_columns_a, glass_columns_a, glass_columns_b, glass_columns_b,
          glass_columns_a, glass_columns_b, uniq_terence
D:3:      layout_rooms, grunt_temple_overflow_lords_of_destruction,
          doesnt_xom_only_xom, mainiacjoe_overflow_brackets, kennysheep_potato,
          uniq_robin, uniq_ijyb

Skill      XL: |  1  2  3 |
---------------+----------+-----
Transmutations | 2 |  2.4
Fighting       | 2 |  2.8
Unarmed Combat | 3 |  3.2
Spellcasting   | 3 |  3.2
Dodging        | |  1.7
Poison Magic   | |  0.9

Action                   |  1- 3 |  4- 6 || total
-------------------------+-------+-------++-------
Melee: Unarmed           |    93 |    66 ||   159
       Headbutt          |     7 |     2 ||     9
       Kick              |     8 |     4 ||    12
       Punch             |     3 |     2 ||     5
 Cast: Beastly Appendage |     8 |     3 ||    11
  Use: Scroll            |     1 |       ||     1
 Stab: Sleeping          |     1 |       ||     1
Armor: Robe              |    32 |    13 ||    45
Dodge: Dodged            |    52 |    25 ||    77

Table legend: (Time is in decaauts)
 A = Elapsed time spent in this place.
 B = Non-inter-level travel time spent in this place.
 C = Inter-level travel time spent in this place.
 D = Time resting spent in this place.
 E = Time spent auto-exploring this place.
 F = Levels seen in this place.
 G = Mean time per level.
                   A        B        C        D        E       F      G
               +--------+--------+--------+--------+--------+-----+--------+
         Total |   3122 |   3088 |     34 |      0 |   2720 |   3 | 1040.7 |
       Dungeon |   3122 |   3088 |     34 |      0 |   2720 |   3 | 1040.7 |
               +--------+--------+--------+--------+--------+-----+--------+

Top non-repeatable levels by time:
     D:2: 1441 daAuts
     D:1: 1279 daAuts
     D:3: 401 daAuts
